[Event "Titled Tuesday Blitz April 11 Early 2023"]
[White "Ozates, Tuna"]
[Black "Golubev, Mikhail"]
[WhiteFideId "6354521"]
[BlackFideId "14100983"]
[WhiteElo "2151"]
[BlackElo "2374"]
[Result "1-0"]
[Round "03"]
[TimeControl "180+2"]
[Date "2023.04.11"]
[WhiteClock "0:00:12"]
[BlackClock "0:00:05"]

1. d4 Nf6 2. Bg5 Ne4 3. Bf4 c5 4. f3 Nf6 5. d5 d6 6. c4 e5 7. Bg3 Be7 8. Nc3 O-O 9. e3 Nh5 10. Bd3 f5 11. Nge2 Bg5 12. Bf2 g6 13. Qc2 Na6 14. a3 Nc7 15. O-O-O a6 16. Kb1 Bd7 17. h4 Bh6 18. Rdg1 Nf6 19. g4 fxg4 20. h5 g5 21. Bf5 Bxf5 22. Qxf5 gxf3 23. Ng3 Nfxd5 24. Qd3 Nxc3+ 25. bxc3 Qe7 26. e4 Ne6 27. Nf5 Rxf5 28. exf5 Nf4 29. Qxf3 Rb8 30. Be3 Kh8 31. Ka1 b5 32. Qe4 Qf7 33. Bxf4 gxf4 34. Rg6 hxg6 35. hxg6 Qg7 36. f6 Qxf6 37. Rxh6+ Kg8 38. Qd5+ Kg7 39. Rh7+ Kxg6 40. Qe4+ Kg5 41. Qg2+ Kf5 42. Rh5+ Ke6 43. Qh3+ Kf7 44. Rf5 Rg8 45. Rxf6+ Kxf6 46. Qh6+ Rg6 47. Qf8+ Ke6 48. Qe8+ Kf6 49. Qc6 Kf5 50. Qd7+ Kg5 51. cxb5 axb5 52. Qxb5 Rf6 53. Kb2 f3 54. Kc2 f2 55. Qf1 Rf4 56. Kd2 Kf5 57. a4 Ke6 58. a5 Kd7 59. a6 Kc7 60. Ke3 Kb6 61. Ke2 Kxa6 62. Qa1+ Kb6 63. Kf1 Kc7 64. Qa7+ Kc6 65. Qa6+ Kc7 66. Qd3 Kc6 67. Qh7 Kd5 68. Qg8+ Kc6 69. c4 Kd7 70. Qg7+ Ke6 71. Qg8+ Ke7 72. Qc8 Rxc4 73. Kxf2 Rf4+ 74. Ke3 Rd4 75. Qc7+ Ke6 76. Qh7 Rf4 77. Qg6+ Kd7 78. Kd3 Kc6 79. Kc3 Rd4 80. Qe6 Kc7 81. Qe7+ Kc6 82. Qd8 Rf4 83. Qc8+ Kd5 84. Qd7 Rc4+ 85. Kd3 Rd4+ 86. Ke3 Re4+ 87. Kf3 Rf4+ 88. Kg3 Rd4 89. Qc7 Rf4 90. Qb6 Ke6 91. Qc6 Rd4 92. Kf3 Rf4+ 93. Ke3 Rd4 94. Qe8+ Kd5 95. Qf7+ Kc6 96. Qe6 Kc7 97. Qb3 Kc6 98. Qa3 Kd7 99. Qa7+ Ke6 100. Qc7 Kd5 101. Ke2 Re4+ 102. Kd3 Rd4+ 103. Kc3 Rc4+ 104. Kb3 Rb4+ 105. Ka3 Rd4 106. Qf7+ Kc6 107. Qf3+ Kd7 108. Qf5+ Kc6 109. Kb3 Rb4+ 110. Kc3 Rd4 111. Qe6 Kc7 112. Qb3 Kc6 113. Qb8 Re4 114. Qa8+ 1-0


[Site "https://www.chess.com"]

[Event "Titled Tuesday Blitz April 11 Early 2023"]
[White "krucki03"]
[Black "Volkov, Maksim"]
[BlackFideId "54123070"]
[WhiteElo "2408"]
[BlackElo "2312"]
[Result "0-1"]
[Round "03"]
[TimeControl "180+2"]
[Date "2023.04.11"]
[WhiteClock "0:00:02"]
[BlackClock "0:00:16"]

1. d4 d5 2. c4 e6 3. Nc3 c6 4. Nf3 dxc4 5. a4 Bb4 6. e3 b5 7. Bd2 a5 8. axb5 Bxc3 9. Bxc3 cxb5 10. b3 Bb7 11. bxc4 b4 12. Bb2 Nf6 13. Bd3 O-O 14. O-O Nbd7 15. Nd2 Qc7 16. f4 a4 17. Rb1 Rfd8 18. Qe2 Nf8 19. Ba1 b3 20. e4 Ng6 21. e5 Nd7 22. f5 exf5 23. Bxf5 Re8 24. Qd3 Rad8 25. Qc3 Nh4 26. Bxd7 Qxd7 27. d5 Qg4 28. Rf2 Ng6 29. Rbf1 Nxe5 30. Nf3 Nd7 31. Nd4 Nf6 32. Nf5 Ne4 33. Nh6+ Kh8 34. Nxf7+ Kg8 35. Nh6+ Kh8 36. Qd4 Qg6 37. Nf7+ Kg8 38. Nxd8 Nxf2 0-1


[Site "https://www.chess.com"]

[Event "Titled Tuesday Blitz April 11 Early 2023"]
[White "Tarasova, Viktoriya"]
[Black "Jain Kashish Manoj"]
[WhiteFideId "4175840"]
[BlackFideId "35081098"]
[WhiteElo "2182"]
[BlackElo "2191"]
[Result "0-1"]
[Round "03"]
[TimeControl "180+2"]
[Date "2023.04.11"]
[WhiteClock "0:00:38"]
[BlackClock "0:00:11"]

1. d4 Nf6 2. c4 g6 3. Nc3 Bg7 4. e4 d6 5. h3 O-O 6. Be3 e5 7. d5 a5 8. g4 Na6 9. Qc2 Nd7 10. Be2 Ndc5 11. g5 Bd7 12. a3 c6 13. h4 cxd5 14. Nxd5 Be6 15. O-O-O Bxd5 16. Rxd5 Nc7 17. Rd1 N7e6 18. Nf3 a4 19. Kb1 Nb3 20. Qd3 Ned4 21. Nxd4 exd4 22. Bf4 Qb6 23. h5 Rfe8 24. f3 Rac8 25. hxg6 hxg6 26. Bc1 Na5 27. f4 Rxc4 28. Qh3 d3 29. Bxd3 Rxc1+ 0-1


[Site "https://www.chess.com"]

[Event "Titled Tuesday Blitz April 11 Early 2023"]
[White "Manon-og, Ramon Jr."]
[Black "Djokic, Mihailo"]
[WhiteFideId "5200776"]
[BlackFideId "976440"]
[WhiteElo "2398"]
[BlackElo "2294"]
[Result "0-1"]
[Round "03"]
[TimeControl "180+2"]
[Date "2023.04.11"]
[WhiteClock "0:00:04"]
[BlackClock "0:00:31"]

1. e4 c5 2. Nf3 d6 3. Bb5+ Bd7 4. Bxd7+ Qxd7 5. c4 Nc6 6. O-O g6 7. Nc3 Bg7 8. Re1 Nf6 9. d4 cxd4 10. Nxd4 O-O 11. b3 Rfd8 12. Bb2 e6 13. Nxc6 Qxc6 14. Rc1 Nxe4 15. Qd3 Nf6 16. Re3 Rac8 17. Nb5 Ra8 18. Rf3 Nh5 19. Bxg7 Nxg7 20. Qe3 a6 21. Nc3 Qc5 22. Qf4 Qf5 23. Qh6 Qh5 24. Qf4 f5 25. Qd4 Qg5 26. Rd1 Rd7 27. Na4 Rad8 28. h3 Kf7 29. Nb6 Rc7 30. b4 Qf6 31. Qd3 Ne8 32. c5 Rc6 33. a4 Qb2 34. Nc4 Qxb4 35. Ne5+ dxe5 36. Qxd8 Rc7 37. Rd7+ Rxd7 38. Qxd7+ Kf8 39. Qxe6 Qxc5 40. Kh2 e4 41. Rb3 Qd6+ 42. Qxd6+ Nxd6 43. f3 Ke7 44. Kg3 Ke6 45. Rb6 Ke5 0-1


[Site "https://www.chess.com"]

[Event "Titled Tuesday Blitz April 11 Early 2023"]
[White "Mbonu, David"]
[Black "Ibadov, Dashgyn"]
[WhiteFideId "30927420"]
[BlackFideId "24107514"]
[WhiteElo "2394"]
[BlackElo "2208"]
[Result "0-1"]
[Round "03"]
[TimeControl "180+2"]
[Date "2023.04.11"]
[WhiteClock "0:01:04"]
[BlackClock "0:00:37"]

1. e4 e5 2. Nf3 Nc6 3. Bc4 Bc5 4. c3 Nf6 5. d3 d6 6. Nbd2 a6 7. Bb3 Ba7 8. O-O h6 9. Re1 g5 10. Nf1 Nh5 11. Nxe5 Nxe5 12. Qxh5 Bg4 13. Bxf7+ Kf8 14. d4 Bxh5 15. Bxh5 Nd3 16. Re3 Nxc1 17. Rf3+ Kg8 18. Bf7+ Kg7 19. Rxc1 Rf8 20. Bh5 Rxf3 21. Bxf3 c5 22. Ng3 cxd4 23. cxd4 Rc8 24. Nf5+ Kh7 25. Re1 Rc2 26. h3 Qf6 27. e5 dxe5 28. Rxe5 Bxd4 29. Rd5 Bxf2+ 30. Kh1 Rc1+ 31. Kh2 Rc7 32. Be4 Kh8 33. Kh1 Rc8 34. Rd6 Rc1+ 35. Kh2 Qe5+ 36. g3 Bxg3+ 37. Kg2 Qxe4+ 38. Kxg3 Rg1+ 0-1


[Site "https://www.chess.com"]

[Event "Titled Tuesday Blitz April 11 Early 2023"]
[White "Petre, Nad-Titus"]
[Black "Koridze, Lile"]
[WhiteFideId "1204165"]
[BlackFideId "13612514"]
[WhiteElo "2354"]
[BlackElo "2047"]
[Result "1-0"]
[Round "03"]
[TimeControl "180+2"]
[Date "2023.04.11"]
[WhiteClock "0:00:11"]
[BlackClock "0:01:18"]

1. Nf3 Nf6 2. d4 e6 3. Bf4 d5 4. e3 Bd6 5. Nbd2 O-O 6. Bd3 c5 7. c3 b6 8. Ne5 Bb7 9. Qf3 Nc6 10. Qh3 Qc7 11. Ndf3 g6 12. Bh6 Rfe8 13. Nxc6 Bxc6 14. O-O Bf8 15. Bxf8 Rxf8 16. Ne5 Kg7 17. g4 h6 18. f4 Ne4 19. g5 Rh8 20. Bxe4 dxe4 21. Qg3 hxg5 22. fxg5 Raf8 23. Rf6 cxd4 24. cxd4 Bd5 25. Raf1 Kg8 26. Rxg6+ fxg6 27. Rxf8+ Kxf8 28. Nxg6+ Kg7 29. Qxc7+ Kxg6 30. Qe5 Rf8 31. h4 Kh5 32. Qg7 Rc8 33. Qh6+ Kg4 34. g6 Rc1+ 35. Kf2 Rc2+ 36. Ke1 Rc1+ 37. Kd2 Rf1 38. Qg5+ Kh3 39. g7 e5 40. dxe5 Rf2+ 41. Kc3 Rf3 42. g8=Q Bxg8 43. Qxg8 Rxe3+ 44. Kd4 Re1 45. Qc8+ Kxh4 46. e6 e3 47. e7 Rd1+ 48. Kxe3 Re1+ 49. Kf4 Rf1+ 50. Ke5 Re1+ 51. Kf6 Rf1+ 52. Ke6 Re1+ 53. Kf7 Rf1+ 54. Ke8 Rg1 55. Qf5 Re1 56. Qf6+ Kh5 57. Kf7 Rd1 58. e8=Q a5 59. Qeh8+ Kg4 60. Qhh4# 1-0


[Site "https://www.chess.com"]

[Event "Titled Tuesday Blitz April 11 Early 2023"]
[White "Carre, Sylvain"]
[Black "TimGrutter03"]
[WhiteFideId "642118"]
[WhiteElo "2105"]
[BlackElo "2585"]
[Result "0-1"]
[Round "03"]
[TimeControl "180+2"]
[Date "2023.04.11"]
[WhiteClock "0:00:18"]
[BlackClock "0:00:09"]

1. d4 g6 2. Bf4 Bg7 3. e3 d6 4. Nf3 Nf6 5. Be2 O-O 6. O-O a6 7. h3 b5 8. a4 b4 9. c4 bxc3 10. bxc3 Bb7 11. c4 Nbd7 12. Nc3 c5 13. a5 Ne4 14. Nxe4 Bxe4 15. Ra2 cxd4 16. exd4 Rb8 17. c5 Rb1 18. Qd2 Rxf1+ 19. Bxf1 dxc5 20. dxc5 Nxc5 21. Qxd8 Rxd8 22. Be3 Nb3 23. Bxa6 Bxf3 24. gxf3 Rd1+ 25. Kg2 Ra1 26. Rxa1 Bxa1 27. Bg5 Kf8 28. Bh6+ Bg7 29. Bxg7+ Kxg7 30. Bf1 Nxa5 31. h4 Nc6 32. Kg3 e5 33. Ba6 Nd4 34. Bb7 Ne6 35. Ba8 Nf4 36. Bb7 f6 37. Ba8 h5 38. Bb7 g5 39. hxg5 fxg5 40. Bc8 Kf6 41. Bd7 h4+ 42. Kg4 Nd3 43. Kh3 Nxf2+ 44. Kh2 Nd3 45. Bc8 Nf4 46. Bd7 Ke7 47. Bc8 Kd6 48. Ba6 Kc5 49. Bf1 Kd4 50. Kg1 Ke3 0-1


[Site "https://www.chess.com"]

[Event "Titled Tuesday Blitz April 11 Early 2023"]
[White "Orlov, Georgi"]
[Black "Sliwicki, Damian"]
[WhiteFideId "2011271"]
[BlackFideId "1127128"]
[WhiteElo "2583"]
[BlackElo "2030"]
[Result "1/2-1/2"]
[Round "03"]
[TimeControl "180+2"]
[Date "2023.04.11"]
[WhiteClock "0:00:06"]
[BlackClock "0:00:03"]

1. e4 c5 2. Nf3 g6 3. c3 Bg7 4. d4 cxd4 5. cxd4 d5 6. exd5 Nf6 7. Bb5+ Nbd7 8. Nc3 O-O 9. O-O Nb6 10. Re1 Nfxd5 11. Bg5 Be6 12. Ne4 Rc8 13. Nc5 Bg4 14. Nxb7 Qc7 15. Nc5 Bxf3 16. Qxf3 Bxd4 17. Nd3 e6 18. Ba6 Rb8 19. Rac1 Qd7 20. b3 Bg7 21. Nc5 Qd6 22. a4 Nd7 23. Nxd7 Qxd7 24. Bb5 Qd6 25. Rc4 a6 26. Bc6 Qa3 27. Bxd5 exd5 28. Qxd5 Qxb3 29. h4 h6 30. Bf4 Rbd8 31. Qc6 Rc8 32. Qxc8 Rxc8 33. Rxc8+ Kh7 34. Rc7 Bf6 35. g3 Kg7 36. Rec1 Qxa4 37. Rb7 g5 38. hxg5 hxg5 39. Be3 Qa2 40. Rcc7 a5 41. Ra7 a4 42. Kh2 Qb3 43. Bc5 g4 44. Rcb7 Qd5 45. Be3 Qe4 46. Rb5 Qh7+ 47. Kg1 Qd3 48. Rba5 Qb1+ 49. Kh2 Qh7+ 50. Kg2 Qe4+ 51. Kf1 Qd3+ 52. Kg1 Qb1+ 53. Kg2 Qe4+ 54. Kf1 Qb1+ 55. Kg2 Qe4+ 1/2-1/2


[Site "https://www.chess.com"]

[Event "Titled Tuesday Blitz April 11 Early 2023"]
[White "Marcziter, Dmitrii"]
[Black "Melian, Juan Sebastian"]
[WhiteFideId "13900765"]
[BlackFideId "3706575"]
[WhiteElo "2162"]
[BlackElo "2035"]
[Result "1-0"]
[Round "03"]
[TimeControl "180+2"]
[Date "2023.04.11"]
[WhiteClock "0:01:14"]
[BlackClock "0:00:01"]

1. e4 g6 2. d4 Bg7 3. Nc3 a6 4. a4 b6 5. f4 Bb7 6. Nf3 d6 7. Bd3 Nd7 8. O-O Ngf6 9. e5 Nd5 10. Ne4 O-O 11. c3 f6 12. e6 Nb8 13. f5 gxf5 14. Ng3 Kh8 15. Nxf5 Rg8 16. Qe1 Bc8 17. Qe4 Bf8 18. Nh6 Rg7 19. Qxd5 c6 20. Qf5 c5 21. d5 Qe8 22. Bf4 Qg6 23. Qxg6 hxg6 24. Nf7+ Kg8 25. Bh6 Rh7 26. Bxf8 Kxf8 27. Bxg6 Rg7 28. Nh4 Bb7 29. c4 a5 30. Rf5 Na6 31. Rh5 Rg8 32. Rh7 Rg7 33. Rh8+ Rg8 34. Rxg8+ Kxg8 35. Rf1 Kg7 36. Bd3 Nb4 37. Nf5+ Kh7 38. Be4 Kg6 39. Rf3 Kh5 40. Rg3 Ba6 41. Bf3# 1-0


[Site "https://www.chess.com"]

[Event "Titled Tuesday Blitz April 11 Early 2023"]
[White "Rosen, Eric"]
[Black "Harriott, Tyrell"]
[WhiteFideId "2032562"]
[BlackFideId "2086484"]
[WhiteElo "2331"]
[BlackElo "2107"]
[Result "1/2-1/2"]
[Round "03"]
[TimeControl "180+2"]
[Date "2023.04.11"]
[WhiteClock "0:00:08"]
[BlackClock "0:00:07"]

1. e4 e6 2. d4 d5 3. Nc3 f5 4. exf5 exf5 5. Nf3 Nf6 6. Bf4 Be7 7. Bd3 O-O 8. h3 Ne4 9. Ne5 c6 10. O-O Qb6 11. Ne2 Qxb2 12. c4 Qa3 13. f3 Ng5 14. Qc2 g6 15. Rab1 Ne6 16. Bd2 Qd6 17. c5 Qd8 18. Bh6 Re8 19. Rfe1 Nd7 20. f4 Nf6 21. g4 Ne4 22. Kg2 Bh4 23. Rf1 Qe7 24. g5 Rd8 25. Nf3 Bxg5 26. fxg5 N6xg5 27. Nxg5 Nxg5 28. Nf4 Ne4 29. Bxe4 fxe4 30. Qf2 Kh8 31. Qg3 g5 32. Nh5 Rg8 33. Rf7 Qxf7 34. Qe5+ Rg7 35. Bxg7+ Kg8 36. Rf1 Bxh3+ 37. Kg3 Qxf1 38. Nf6+ Kxg7 39. Nh5+ Kf7 40. Qc7+ Ke6 41. Ng7+ Kf6 42. Qe5+ Kg6 43. Qe6+ Kxg7 44. Qe7+ Kg6 45. Qd6+ Qf6 46. Kxh3 g4+ 47. Kxg4 h5+ 48. Kg3 Qxd6+ 49. cxd6 Rd8 50. Kf4 Rxd6 51. a4 Rf6+ 52. Ke3 h4 53. a5 h3 54. a6 bxa6 55. Kd2 h2 56. Kc3 h1=Q 57. Kb4 Qh2 58. Kc5 Qb2 1/2-1/2


[Site "https://www.chess.com"]

[Event "Titled Tuesday Blitz April 11 Early 2023"]
[White "Vivas Zamora, Fabian Ernesto"]
[Black "MKlose11"]
[WhiteFideId "3902480"]
[WhiteElo "2262"]
[BlackElo "2577"]
[Result "0-1"]
[Round "03"]
[TimeControl "180+2"]
[Date "2023.04.11"]
[WhiteClock "0:00:01"]
[BlackClock "0:00:11"]

1. e4 e6 2. d4 d5 3. Nd2 Be7 4. Ngf3 Nf6 5. e5 Nfd7 6. Bd3 c5 7. c3 Nc6 8. O-O a5 9. a4 cxd4 10. cxd4 Nb4 11. Bb1 b6 12. Re1 Ba6 13. Nf1 Rc8 14. Ng3 Qc7 15. Ra3 Nc2 16. Rc3 Nxe1 17. Rxc7 Nxf3+ 18. Qxf3 Rxc7 19. Be3 g6 20. Bh6 Bf8 21. Qf4 Be7 22. h4 Bc4 23. h5 Bb3 24. Bg7 Rg8 25. Bf6 Bc2 26. Bxc2 Rxc2 27. Bxe7 Kxe7 28. Qf3 Rxb2 29. Qa3+ Rb4 30. Qc1 Rc4 31. Qa3+ Rb4 32. Qc1 Rxd4 33. Qc6 Nxe5 34. Qxb6 Rd1+ 35. Kh2 g5 36. f3 g4 37. f4 Nc4 38. Qc7+ Kf6 39. Qa7 Rd2 40. f5 Rg5 41. Qa6 Rxf5 42. Nxf5 Kxf5 43. Qa7 Kf6 44. Qc7 e5 45. Qd8+ Kf5 46. Qg8 Ne3 47. Qxh7+ Kg5 48. Qg7+ Kf4 49. Qxf7+ Ke4 50. Qg6+ Kd4 51. h6 Nxg2 52. Kg3 Nf4 53. Qe8 Rg2+ 54. Kh4 Rh2+ 55. Kg5 g3 56. Qb5 Rh5+ 57. Kf6 Rxh6+ 58. Ke7 Re6+ 59. Kd7 g2 60. Qb2+ Ke4 61. Qb1+ Kf3 62. Qb3+ Kg4 63. Qd1+ Kg3 64. Qe1+ Kg4 65. Qg1 Kf5 66. Qc1 Rg6 67. Qb1+ Kg5 68. Qe1 Kh6 69. Qh4+ Nh5 0-1


[Site "https://www.chess.com"]

[Event "Titled Tuesday Blitz April 11 Early 2023"]
[White "Liew, Chee-Meng Jimmy"]
[Black "Guz, Ari"]
[WhiteFideId "5700019"]
[BlackFideId "2825759"]
[WhiteElo "2245"]
[BlackElo "2205"]
[Result "1-0"]
[Round "03"]
[TimeControl "180+2"]
[Date "2023.04.11"]
[WhiteClock "0:00:32"]
[BlackClock "0:00:18"]

1. d4 h5 2. e4 d5 3. exd5 Qxd5 4. Nc3 Qd8 5. Nf3 Nf6 6. h3 b6 7. Bc4 e6 8. O-O Bb7 9. Ne5 Nbd7 10. Qe2 Nxe5 11. dxe5 Nd5 12. Nxd5 Bxd5 13. Rd1 c6 14. Bb3 b5 15. a4 a6 16. axb5 axb5 17. Rxa8 Qxa8 18. c4 bxc4 19. Bxc4 Qa4 20. b3 Qb4 21. Bxd5 cxd5 22. Qa6 Qxb3 23. Qc8+ Ke7 24. Qc7+ Ke8 25. Qc6+ Ke7 26. Bg5+ f6 27. exf6+ gxf6 28. Qc7+ Ke8 29. Re1 d4 30. Bxf6 Rh6 31. Bxd4 Qd5 32. Be5 Rg6 33. g3 h4 34. Ra1 Be7 35. Ra7 Qd1+ 36. Kh2 hxg3+ 37. Bxg3 Rg7 38. Ra8+ Kf7 39. Qf4+ Kg6 40. Ra6 Qd5 41. Qg4+ Kf7 42. Qf4+ Kg6 43. Ra7 Rf7 44. Qg4+ Kh7 45. Rxe7 Rxe7 46. Qh4+ 1-0


[Site "https://www.chess.com"]

[Event "Titled Tuesday Blitz April 11 Early 2023"]
[White "Janaszak, Dawid"]
[Black "Balint, Vilmos"]
[WhiteFideId "1119206"]
[BlackFideId "718050"]
[WhiteElo "2220"]
[BlackElo "2034"]
[Result "1-0"]
[Round "03"]
[TimeControl "180+2"]
[Date "2023.04.11"]
[WhiteClock "0:02:15"]
[BlackClock "0:02:29"]

1. e4 e6 2. d4 Nc6 3. Bd3 d5 4. c3 dxe4 5. Bxe4 Nf6 6. Bf3 Be7 7. Ne2 O-O 8. O-O e5 9. Bxc6 bxc6 10. dxe5 Qxd1 11. Rxd1 Ng4 12. Bf4 Bc5 13. Nd4 Re8 14. b4 Bb6 15. Na3 c5 16. bxc5 Bxc5 17. Nab5 Re7 18. Nc6 Nxf2 19. Rd8+ 1-0


[Site "https://www.chess.com"]

[Event "Titled Tuesday Blitz April 11 Early 2023"]
[White "Hoffmann, Asa"]
[Black "Kim, Sergey"]
[WhiteFideId "2001470"]
[BlackFideId "13700570"]
[WhiteElo "2117"]
[BlackElo "2576"]
[Result "0-1"]
[Round "03"]
[TimeControl "180+2"]
[Date "2023.04.11"]
[WhiteClock "0:00:44"]
[BlackClock "0:01:01"]

1. d4 Nf6 2. Bg5 g6 3. Nc3 d6 4. e4 c6 5. f3 Qc7 6. Qd2 Nbd7 7. O-O-O b5 8. a3 a5 9. Nh3 b4 10. Nb1 bxa3 11. Nxa3 h6 12. Be3 Bg7 13. Be2 Rb8 14. c3 Nb6 15. Nf2 Na4 16. Nd3 Ba6 17. c4 Nd7 18. Qc2 Nab6 19. c5 Nc8 20. Nf4 Bxe2 21. Nxe2 O-O 22. h4 dxc5 23. h5 g5 24. Nc3 cxd4 25. Bxd4 Ne5 26. Rd2 Nd6 27. Rhd1 Rb4 28. Bc5 Rfb8 29. Bxb4 axb4 30. Nd5 Qa7 31. Nb1 cxd5 32. Rxd5 Rc8 33. Qxc8+ Nxc8 34. Rd8+ Kh7 35. Rxc8 Qe3+ 36. Rd2 Nd3+ 37. Kc2 Ne1+ 38. Kd1 Nd3 39. Kc2 Nxb2 40. Rcd8 b3+ 0-1


[Site "https://www.chess.com"]

[Event "Titled Tuesday Blitz April 11 Early 2023"]
[White "Jeet, Jain"]
[Black "Bogaudinov, Rushan"]
[WhiteFideId "5073022"]
[BlackFideId "4129288"]
[WhiteElo "2067"]
[BlackElo "1967"]
[Result "1-0"]
[Round "03"]
[TimeControl "180+2"]
[Date "2023.04.11"]
[WhiteClock "0:00:54"]
[BlackClock "0:00:04"]

1. Nf3 d5 2. b3 a5 3. a3 g6 4. Bb2 Nf6 5. e3 Bg7 6. c4 c6 7. d4 O-O 8. Bd3 Nbd7 9. Nbd2 b6 10. h3 Ba6 11. Rc1 a4 12. b4 c5 13. dxc5 bxc5 14. b5 Bb7 15. O-O Nb6 16. cxd5 Qxd5 17. Qc2 Rfd8 18. Bxf6 Qxd3 19. Bxg7 Qxc2 20. Rxc2 Kxg7 21. Rxc5 Rd3 22. Ra1 Rad8 23. Kh2 Rxd2 24. Nxd2 Rxd2 25. Kg3 h5 26. h4 Rd5 27. Rc7 Rd7 28. Rac1 Bd5 29. Rxd7 Nxd7 30. Rc7 Nf6 31. b6 Ne4+ 32. Kh2 Nd6 33. Ra7 Bc6 34. Rxe7 Kf6 35. Rc7 Bb7 36. f3 Ke6 37. e4 Ba8 38. Kg3 Nb5 39. b7 Nxc7 40. b8=Q Kd7 41. Qf8 Ke6 42. Qd8 Nb5 43. Qxa8 Nxa3 44. Qc6+ 1-0


[Site "https://www.chess.com"]

[Event "Titled Tuesday Blitz April 11 Early 2023"]
[White "Arat, Ufuk Sezen"]
[Black "Krstulovic, Alex"]
[WhiteFideId "6309089"]
[BlackFideId "760056"]
[WhiteElo "2289"]
[BlackElo "2311"]
[Result "1-0"]
[Round "03"]
[TimeControl "180+2"]
[Date "2023.04.11"]
[WhiteClock "0:00:23"]
[BlackClock "0:00:03"]

1. e4 c6 2. d4 d5 3. e5 c5 4. dxc5 e6 5. Nf3 Bxc5 6. a3 Ne7 7. b4 Bb6 8. Bb2 a5 9. Nbd2 O-O 10. Bd3 h6 11. O-O axb4 12. axb4 Rxa1 13. Qxa1 Na6 14. Bxa6 bxa6 15. Nb3 Ng6 16. Bd4 Bxd4 17. Qxd4 Qc7 18. Nc5 Bd7 19. c3 Bb5 20. Ra1 Rc8 21. h3 Qb6 22. Ra3 Rc6 23. Nb3 Qxd4 24. Nbxd4 Rc7 25. Nxb5 axb5 26. Kf1 Kf8 27. Ke1 Ke7 28. Kd2 Kd7 29. Ra5 Rb7 30. Ra6 Kc7 31. Ke3 Rb6 32. Ra7+ Rb7 33. Ra5 Kb6 34. Nd4 Nxe5 35. Rxb5+ Kc7 36. Rc5+ Kd7 37. f4 Nc4+ 38. Kd3 Nd6 39. Ra5 Ne4 40. Nb3 Rc7 41. Nc5+ Nxc5+ 42. bxc5 Kc6 43. Kd4 Rb7 44. Ra6+ Kc7 45. Ra8 Kd7 46. Rf8 Ke7 47. Rg8 g6 48. c6 Rc7 49. Kc5 g5 50. Kb6 Rxc6+ 51. Kxc6 gxf4 52. Rg4 e5 53. Kxd5 1-0


[Site "https://www.chess.com"]

[Event "Titled Tuesday Blitz April 11 Early 2023"]
[White "Pham, Le Thao Nguyen"]
[Black "Rodriguez Santiago, Jaime"]
[WhiteFideId "12401226"]
[BlackFideId "3100898"]
[WhiteElo "2286"]
[BlackElo "2025"]
[Result "1-0"]
[Round "03"]
[TimeControl "180+2"]
[Date "2023.04.11"]
[WhiteClock "0:00:06"]
[BlackClock "0:00:09"]

1. d4 g6 2. Nf3 Bg7 3. g3 d6 4. Bg2 Nf6 5. O-O O-O 6. c4 c6 7. Nc3 Nbd7 8. e4 e5 9. Re1 Qc7 10. h3 Nh5 11. Be3 exd4 12. Nxd4 Nb6 13. b3 Nf6 14. Qc2 a5 15. a4 Ne8 16. Rad1 Be6 17. Nxe6 fxe6 18. c5 dxc5 19. Bxc5 Rf7 20. f4 e5 21. f5 Nd7 22. Be3 Nef6 23. g4 gxf5 24. exf5 Raf8 25. Qe2 Kh8 26. Rf1 Ne8 27. Ne4 Ndf6 28. Ng5 Rd7 29. Ne6 Qc8 30. Nxf8 Bxf8 31. g5 Nd5 32. Bxd5 cxd5 33. f6 d4 34. Bf2 Bd6 35. Qe4 Rf7 36. h4 Qh3 37. Qg2 Qe6 38. Rfe1 Bb8 39. Bxd4 e4 40. Be3 Qe5 41. Bf2 Nd6 42. Rxd6 Qxd6 43. Rxe4 Qd1+ 44. Re1 Qxb3 45. Re8+ Rf8 46. Rxf8+ Qg8 47. Rxg8+ Kxg8 48. Qxb7 1-0


[Site "https://www.chess.com"]

[Event "Titled Tuesday Blitz April 11 Early 2023"]
[White "Havas, Ladislav"]
[Black "Eynullayev, Atilla"]
[WhiteFideId "14501090"]
[BlackFideId "13413570"]
[WhiteElo "2202"]
[BlackElo "2181"]
[Result "0-1"]
[Round "03"]
[TimeControl "180+2"]
[Date "2023.04.11"]
[WhiteClock "0:00:49"]
[BlackClock "0:00:11"]

1. d4 Nf6 2. Bg5 d5 3. Bxf6 gxf6 4. c4 dxc4 5. e3 c5 6. Bxc4 cxd4 7. exd4 Bg7 8. Ne2 O-O 9. Nbc3 Nc6 10. O-O f5 11. d5 Ne5 12. Bb3 a6 13. a4 Qd6 14. h3 Ng6 15. a5 Nh4 16. Ra4 Qh6 17. Qd3 Be5 18. f4 Bf6 19. Kh1 Kh8 20. d6 exd6 21. Qxd6 Be6 22. Bxe6 fxe6 23. Qxe6 Rae8 24. Qb6 Qg7 25. g3 Ng6 26. Qf2 Qh6 27. Qg2 Rg8 28. Qh2 Re3 29. Nd5 Rxe2 30. Qxe2 Qxh3+ 31. Kg1 Nh4 32. Ra3 Bd4+ 33. Rf2 Qg2# 0-1


[Site "https://www.chess.com"]

[Event "Titled Tuesday Blitz April 11 Early 2023"]
[White "slidingknight2775"]
[Black "Dwilewicz, Katarzyna"]
[BlackFideId "1148486"]
[WhiteElo "2568"]
[BlackElo "2065"]
[Result "1-0"]
[Round "03"]
[TimeControl "180+2"]
[Date "2023.04.11"]
[WhiteClock "0:00:42"]
[BlackClock "0:00:48"]

1. d4 Nf6 2. c4 g6 3. Nc3 Bg7 4. e4 O-O 5. Nge2 d6 6. Ng3 e5 7. d5 a5 8. Be2 Na6 9. h4 Nc5 10. h5 c6 11. Be3 cxd5 12. cxd5 Bd7 13. h6 Bh8 14. O-O b5 15. Bxc5 dxc5 16. Bxb5 Ng4 17. Bxd7 Qxd7 18. Qd2 Qe7 19. f3 Nf6 20. Rad1 Nd7 21. d6 Qe6 22. Nd5 Qxd6 23. Nf5 1-0


[Site "https://www.chess.com"]

[Event "Titled Tuesday Blitz April 11 Early 2023"]
[White "Royal, Shreyas"]
[Black "micke12a"]
[WhiteFideId "448869"]
[WhiteElo "2331"]
[BlackElo "2327"]
[Result "1-0"]
[Round "03"]
[TimeControl "180+2"]
[Date "2023.04.11"]
[WhiteClock "0:01:48"]
[BlackClock "0:00:34"]

1. e4 c5 2. Nf3 e6 3. g3 Nc6 4. Bg2 d5 5. exd5 exd5 6. d4 Nf6 7. O-O Be7 8. c3 cxd4 9. Nxd4 O-O 10. Be3 Ng4 11. Bf4 Nxd4 12. Qxd4 Be6 13. h3 Nf6 14. Nd2 Rc8 15. Qxa7 Nh5 16. Be3 Qd7 17. Nb3 Bxh3 18. Rfd1 Bxg2 19. Kxg2 Nf6 20. Qd4 Qf5 21. Rd2 Rc4 22. Qd3 Qe6 23. Re2 Qd7 24. Bd4 Ne4 25. Rxe4 dxe4 26. Qxc4 1-0


[Site "https://www.chess.com"]

[Event "Titled Tuesday Blitz April 11 Early 2023"]
[White "crosky"]
[Black "Gontcharov, Vladislav"]
[BlackFideId "4123492"]
[WhiteElo "2314"]
[BlackElo "2420"]
[Result "0-1"]
[Round "03"]
[TimeControl "180+2"]
[Date "2023.04.11"]
[WhiteClock "0:00:19"]
[BlackClock "0:01:19"]

1. c4 Nf6 2. Nc3 g6 3. e4 d6 4. d4 Bg7 5. Be2 O-O 6. Bg5 c5 7. d5 b5 8. cxb5 a6 9. a4 Qa5 10. Bd2 axb5 11. Bxb5 Ba6 12. Bxa6 Nxa6 13. Nge2 Nb4 14. O-O Rfb8 15. Nc1 Qa6 16. f3 Nd7 17. Qe2 Qxe2 18. N1xe2 Nd3 19. Nb5 Nxb2 20. Bc3 Nxa4 21. Nc7 Nxc3 22. Rxa8 Nxe2+ 23. Kf2 Rxa8 24. Nxa8 Nc3 25. Nc7 Bd4+ 26. Ke1 f5 27. Kd2 fxe4 28. fxe4 Nxe4+ 29. Kd3 Nef6 30. Rb1 Kf7 31. Rb7 g5 32. Ne6 h6 33. Nd8+ Kg6 34. Nc6 Ne5+ 35. Nxe5+ Bxe5 36. Rxe7 Nxd5 37. Re8 Bxh2 38. g4 Nf6 39. Re6 Be5 0-1


[Site "https://www.chess.com"]

[Event "Titled Tuesday Blitz April 11 Early 2023"]
[White "Ahn, Hongjin"]
[Black "Biriukov, Ilja"]
[WhiteFideId "13201492"]
[BlackFideId "4113373"]
[WhiteElo "2182"]
[BlackElo "2426"]
[Result "0-1"]
[Round "03"]
[TimeControl "180+2"]
[Date "2023.04.11"]
[WhiteClock "0:00:05"]
[BlackClock "0:01:09"]

1. d4 Nf6 2. c4 g6 3. g3 Bg7 4. Bg2 d6 5. Nf3 O-O 6. O-O Nbd7 7. b3 e5 8. dxe5 dxe5 9. Bb2 Re8 10. Qc1 c6 11. Nc3 Qc7 12. Rd1 a5 13. Ba3 Bf8 14. Bxf8 Kxf8 15. Qh6+ Kg8 16. Ng5 Nf8 17. h3 Bf5 18. g4 Bd7 19. Rd2 Rad8 20. Rad1 Bc8 21. Nce4 Nxe4 22. Nxe4 Qe7 23. g5 Rxd2 24. Rxd2 Rd8 25. Nf6+ Kh8 26. Rxd8 Qxd8 27. Be4 Qe7 28. Kg2 Be6 29. Nh5 gxh5 30. Qxh5 Ng6 31. e3 a4 32. h4 axb3 33. axb3 b5 34. cxb5 cxb5 35. Kg3 Bxb3 36. Qg4 Be6 37. Qd1 b4 38. Qa4 b3 39. Qb5 Qd7 40. h5 Qxb5 0-1


[Site "https://www.chess.com"]